AoeStats
← Křovák

MegaRandom

506898028Analyzed
1v1 RM · 17d ago on Sep 15, 2026· 61m 39s· 2 players
Game mode
Random Map
Map size
Tiny (2 player)
Population
200
Speed
Normal
Resources
Standard
Victory
Conquest
Starting age
Dark Age
Ending age
Imperial Age
RankedLock teamsTeams togetherTeam positionsShared explorationLock speedFull tech treeHidden civsTurbo modeCheats
Victory
Defeat
🇨🇿 Malians · Czechia
801
+16
🇲🇽 Mongols · Mexico
796
-16
181miguel
10:37 Feudal Age
11:36 Double-Bit Axe
12:09 Horse Collar
19:58 Castle Age
17:48 Loom
20:18 Fletching
21:53 Wheelbarrow
23:17 Town Watch
24:10 Crossbowman
27:24 Forging
29:46 Gold Mining
29:49 Stone Mining
30:21 Hand Cart
31:03 Bodkin Arrow
33:16 Iron Casting
32:05 Pikeman
39:09 Imperial Age
36:44 Padded Archer Armor
38:30 Gold Shaft Mining
38:28 Leather Archer Armor
39:40 Stone Shaft Mining
39:49 Squires
40:52 Blast Furnace
41:13 Town Patrol
41:45 Parthian Tactics
41:28 Husbandry
42:22 Arson
42:50 Bloodlines
45:28 Chemistry
44:40 Masonry
44:44 Bracer
45:46 Drill
45:44 Scale Barding Armor
47:23 Ballistics
47:10 Siege Engineers
47:50 Onager
49:31 Scale Mail Armor
51:52 Capped Ram
52:53 Bow Saw
53:01 Chain Mail Armor
54:09 Heavy Scorpion
55:43 Conscription
Křovák
9:04 Loom
12:19 Feudal Age
13:14 Double-Bit Axe
13:13 Horse Collar
21:35 Castle Age
20:05 Fletching
22:46 Bow Saw
22:44 Heavy Plow
29:36 Gold Mining
30:13 Bodkin Arrow
30:29 Forging
36:16 Imperial Age
34:06 Town Watch
34:57 Wheelbarrow
35:30 Murder Holes
39:42 Ballistics
40:23 Chemistry
39:23 Elite Skirmisher
40:41 Padded Archer Armor
41:34 Hoardings
41:21 Conscription
42:19 Cavalier
43:00 Husbandry
47:10 Farimba
51:30 Stone Mining
51:53 Scale Barding Armor
52:24 Iron Casting
52:05 Leather Archer Armor
56:23 Chain Barding Armor
56:34 Ring Archer Armor
58:26 Plate Barding Armor
Connection lost

Rejoining the realm…

Still unreachable

The connection could not be restored.

Session expired

The server has moved on; the page needs a fresh start.